 Dungeon Crawl Stone Soup version 0.21-a0-142-gdd972a7 (webtiles) character file.

12973 AverageBear the Thaumaturge (level 11, -3/58 HPs)
             Began as a Deep Elf Fighter on July 24, 2017.
             Was a Believer of Ashenzari.
             Slain by a six-headed hydra (9 damage)
             ... on level 2 of the Lair of Beasts.
             The game lasted 00:17:59 (12570 turns).

AverageBear the Thaumaturge (Deep Elf Fighter)     Turns: 12570, Time: 00:18:00

Health: -3/58      AC: 28    Str: 16    XL:     11   Next: 69%
Magic:  29/29      EV: 22    Int: 14    God:    Ashenzari [**....]
Gold:   272        SH: 15    Dex: 19    Spells: 34/34 levels left

rFire    + . .     SeeInvis .   e - +3 short sword (protect)
rCold    . . .     Gourm    .   b - +0 buckler (curse)
rNeg     . . .     Faith    .   n - +4 scale mail {rC+}
rPois    .         Spirit   .   m - +1 helmet (curse)
rElec    .         Reflect  +   i - +2 cloak {+Inv} (curse)
rCorr    .         Harm     .   K - +0 pair of gloves (curse)
MR       +....                  (no boots)
Stlth    ++++......             q - +5 amulet of reflection
HPRegen  0.19/turn              v - ring of fire
MPRegen  0.21/turn              N - ring of flight

@: agile, protection aura, hasted, very quick
A: large bone plates 1, slimy green scales 1, wild magic 1
a: Curse Item, Scrying, Renounce Religion, Evoke Invisibility, Evoke Flight


You were on level 2 of the Lair of Beasts.
You worshipped Ashenzari.
Ashenzari was pleased with you.
You were not hungry.

You visited 3 branches of the dungeon, and saw 13 of its levels.
You also visited: Ossuary.

You collected 437 gold pieces.
You spent 165 gold pieces at shops.

Inventory:

Hand Weapons
 a - a +0 rapier
 e - a +3 short sword of protection (weapon)
 r - a +1 scimitar of flaming
Armour
 b - a cursed +0 buckler (worn)
 i - a cursed +2 cloak of invisibility (worn)
 m - a cursed +1 helmet (worn)
 n - a +4 scale mail of cold resistance (worn)
 K - a cursed +0 pair of gloves (worn)
Jewellery
 q - a +5 amulet of reflection (around neck)
 v - a ring of fire (left hand)
 C - a cursed amulet of rage
 N - a ring of flight (right hand)
Wands
 D - a wand of iceblast (6/15)
 E - a wand of lightning (8/15)
 F - a wand of polymorph (2/24)
 G - a wand of random effects (22/48)
 H - a wand of iceblast (3/15)
 L - a wand of polymorph (10/24)
 M - a wand of flame (16/48)
Scrolls
 c - 4 scrolls of fear
 h - 2 scrolls of amnesia
 p - 12 scrolls of teleportation
 t - 2 scrolls of identify
 z - 2 scrolls of magic mapping
 B - 2 scrolls of recharging
 P - a scroll of fog
Potions
 g - 2 potions of resistance
 j - 2 potions of haste
 l - 6 potions of curing
 w - a potion of brilliance
 x - a potion of degeneration
 I - a potion of mutation
 J - a potion of flight
Books
 d - a book of Battle

   Spells                             Type                      Level
   a - Infusion                       Charms                       1
   b - Shroud of Golubria             Charms/Translocation         2
   c - Song of Slaying                Charms                       2
   d - Spectral Weapon                Hexes/Charms                 3
   e - Regeneration                   Charms/Necromancy            3
 s - a book of Maledictions

   Spells                             Type                      Level
   a - Corona                         Hexes                        1
   b - Ensorcelled Hibernation        Hexes/Ice                    2
   c - Confuse                        Hexes                        3
   d - Tukima's Dance                 Hexes                        3
   e - Dazzling Spray                 Conjuration/Hexes            3
Miscellaneous
 A - a phial of floods (inert)
Comestibles
 f - 11 bread rations
 k - 8 meat rations
 o - 5 fruits
 u - 6 royal jellies
 Q - 8 chunks of flesh


   Skills:
 - Level 2.4 Fighting
 - Level 10.1 Short Blades
 - Level 6.2(7.7) Armour
 - Level 10.0(11.4) Dodging
 + Level 8.0 Stealth
 - Level 4.1(5.5) Shields
 - Level 12.1 Spellcasting


You had 34 spell levels left.
You didn't know any spells.

Dungeon Overview and Level Annotations

Branches:
Dungeon (10/15)            Temple (1/1) D:5            Lair (2/6) D:9
  Swamp: Lair:2-4    Shoals: Lair:2-4     Snake: Lair:2-4    Spider: Lair:2-4
    Orc: D:9-12

Altars:
Ashenzari
Cheibriados
Dithmenos
Elyvilon
Fedhas
Gozag
Hepliaklqana
Kikubaaqudgha
Makhleb
Nemelex Xobeh
Okawaru
Qazlal
Ru
Sif Muna
Trog
Uskayaw
Vehumet
Wu Jian
Xom
Yredelemnul
Zin
The Shining One

Shops:
D:7 !


Innate Abilities, Weirdness & Mutations

You are partially covered in large bone plates. (SH +4)
You are partially covered in slimy green scales. (AC +2)
Your spells are a little harder to cast, but a little more powerful.


Message History

The six-headed hydra completely misses you.
You block the six-headed hydra's attack.
The six-headed hydra bites you but does no damage.
The six-headed hydra bites you.
* * * LOW HITPOINT WARNING * * *
The six-headed hydra bites you but does no damage.
The six-headed hydra bites you!
* * * LOW HITPOINT WARNING * * *
You puncture the six-headed hydra!
The six-headed hydra is almost dead.
Your water elemental hits the six-headed hydra!
Your water elemental engulfs the six-headed hydra in water!
You barely miss the six-headed hydra.
The six-headed hydra is almost dead.
The six-headed hydra bites you but does no damage.
You block the six-headed hydra's attack.
The six-headed hydra bites you but does no damage. x2
You block the six-headed hydra's attack.
The six-headed hydra bites you!
You die...

######### ### #####
####...#..P#####.####..P. #
##....................... ..
#........##....#...#.#.##...
###.....#..#....#.#.#...##...
#........≈PP....#...#......#.
###..P.##≈ED@P.....)....P#.#.
##....##≈##.#......P...##...
#.....P..##.P..#...#..>.#...
##........#....#.#........#.
#....#.....#....#...#.#..#. **
*#..#..................##.#.
#..#.##.PP......#..#..##...
#P......P.....#.................
......................+.⌠.####...


You could see a six-headed hydra and a friendly water elemental.

Vanquished Creatures
  Erolcha (D:9)
  Erica (D:9)
  A two-headed ogre (D:8)
  Pikel (D:9)
  4 komodo dragons (Lair:1)
  Psyche (D:9)
  2 rime drakes (Lair:1)
  A hornet (D:10)
  Prince Ribbit (D:7)
  3 wyverns
  7 yaks
  Eustachio (D:5)
  4 hogs (D:8)
  A wraith (Ossuary)
  A human (D:8)
  Edmund (D:5)
  Duvessa (D:4)
  2 water moccasins
  2 porcupines (Lair:2)
  A hornet zombie (D:6)
  4 sky beasts
  2 black bears
  2 ice beasts (D:5)
  2 orc warriors
  6 wolves (Lair:2)
  A centaur (D:9)
  2 ogres
  2 phantoms
  5 crocodiles
  Blork the orc (D:5)
  2 elf zombies (D:7)
  2 big kobolds
  3 bullfrogs
  2 elf skeletons (D:7)
  2 scorpions
  Dowan (D:4)
  20 killer bees
  An electric eel (D:10)
  4 crimson imps
  2 human zombies
  2 quasits
  3 hounds
  2 jellies
  2 orc priests
  A centaur skeleton (D:8)
  A human skeleton (D:7)
  Jessica (D:2)
  3 iguanas
  4 orc wizards
  3 worker ants
  A hound zombie (D:7)
  3 mummies (Ossuary)
  2 worker ant zombies
  Robin (D:2)
  7 adders
  4 gnolls
  A shadow imp (D:6)
  4 oozes
  4 adder zombies
  2 adder skeletons
  2 worms
  3 dart slugs
  3 leopard geckos
  27 orcs
  2 ball pythons (D:3)
  4 giant cockroaches
  9 hobgoblins
  16 jackals
  7 quokkas
  8 bats
  9 frilled lizards
  2 gnoll zombies (Ossuary)
  19 goblins
  4 goblin zombies (Ossuary)
  2 hobgoblin zombies (Ossuary)
  18 kobolds
  A quokka skeleton (D:6)
  8 rats
298 creatures vanquished.

Vanquished Creatures (others)
  A kobold (D:3)
  A fungus (Lair:2)
2 creatures vanquished.

Grand Total: 300 creatures vanquished

Notes
Turn   | Place    | Note
-------+----------+-------------------------------------------
     0 | D:1      | AverageBear the Deep Elf Fighter began the quest for the Orb.
     0 | D:1      | Reached XP level 1. HP: 13/13 MP: 3/3
   315 | D:1      | Reached XP level 2. HP: 13/18 MP: 4/4
   669 | D:1      | Reached XP level 3. HP: 19/22 MP: 5/5
  1232 | D:2      | Noticed Jessica
  1240 | D:2      | Killed Jessica
  1240 | D:2      | Reached XP level 4. HP: 9/27 MP: 6/6
  1447 | D:2      | Noticed Robin
  1474 | D:2      | Killed Robin
  1474 | D:2      | Reached skill level 5 in Short Blades
  1651 | D:2      | Found an iron altar of Okawaru.
  1675 | D:2      | Reached XP level 5. HP: 25/31 MP: 7/7
  2182 | D:3      | Found a glowing silver altar of Zin.
  2182 | D:3      | Noticed an angel
  2353 | D:3      | Found an opulent altar of Gozag.
  2583 | D:4      | Found a hazy altar of Hepliaklqana.
  2636 | D:4      | Noticed Duvessa
  2636 | D:4      | Noticed Dowan
  2658 | D:4      | Killed Dowan
  2671 | D:4      | Gained mutation: Your body sometimes deteriorates upon taking damage. [potion of mutation]
  2671 | D:4      | Gained mutation: Your muscles are strong. (Str +2) [potion of mutation]
  2697 | D:4      | Killed Duvessa
  2697 | D:4      | Reached XP level 6. HP: 22/36 MP: 8/8
  3063 | D:4      | Reached skill level 1 in Dodging
  3339 | D:4      | Reached XP level 7. HP: 40/40 MP: 9/9
  3896 | D:5      | Entered Level 5 of the Dungeon
  3927 | D:5      | Reached skill level 5 in Dodging
  4199 | D:5      | Noticed Edmund
  4249 | D:5      | Killed Edmund
  4394 | D:5      | Reached XP level 8. HP: 38/45 MP: 10/10
  4397 | D:5      | Lost mutation: Your muscles are strong. (Str +2) [mutagenic meat]
  4399 | D:5      | Gained mutation: You are partially covered in iridescent scales. (AC +2) [mutagenic meat]
  4400 | D:5      | Gained mutation: You are dopey. (Int -2) [mutagenic meat]
  4401 | D:5      | Gained mutation: You are robust. (+10% HP) [mutagenic meat]
  4419 | D:5      | Noticed Blork the orc
  4460 | D:5      | Killed Blork the orc
  4525 | D:5      | Noticed Eustachio
  4564 | D:5      | Killed Eustachio
  4646 | D:5      | Found a staircase to the Ecumenical Temple.
  4698 | Temple   | Entered the Ecumenical Temple
  5063 | D:5      | Reached skill level 5 in Armour
  5845 | D:6      | Reached XP level 9. HP: 45/53 MP: 11/11
  6727 | D:7      | Found a sand-covered staircase.
  6743 | Ossuary  | Entered an ossuary
  7056 | Ossuary  | Lost mutation: You are dopey. (Int -2) [potion of mutation]
  7056 | Ossuary  | Lost mutation: Your body sometimes deteriorates upon taking damage. [potion of mutation]
  7056 | Ossuary  | Lost mutation: You are robust. (+10% HP) [potion of mutation]
  7056 | Ossuary  | Gained mutation: Your system is resistant to poisons. (rPois) [potion of mutation]
  7056 | Ossuary  | Gained mutation: Potions are less effective at restoring your health. [potion of mutation]
  7056 | Ossuary  | Gained mutation: You are partially covered in icy blue scales. (AC +2) [potion of mutation]
  7217 | D:7      | Found a shadowy altar of Dithmenos.
  7363 | D:7      | Reached skill level 10 in Dodging
  7364 | D:7      | Found a basalt altar of Yredelemnul.
  7365 | D:7      | Found a shattered altar of Ashenzari.
  7365 | D:7      | Found a stormy altar of Qazlal.
  7504 | D:7      | Noticed Prince Ribbit
  7527 | D:7      | Became a worshipper of Ashenzari the Shackled
  7553 | D:7      | Killed Prince Ribbit
  7587 | D:7      | Found Poveramy's Distillery.
  7615 | D:7      | Bought a potion of heal wounds for 55 gold pieces
  7615 | D:7      | Bought a potion of heal wounds for 55 gold pieces
  7615 | D:7      | Bought a potion of heal wounds for 55 gold pieces
  7996 | D:8      | Reached XP level 10. HP: 46/54 MP: 12/12
  8090 | D:8      | Identified a scroll of acquirement
  8160 | D:8      | Found a shimmering altar of Xom.
  8440 | D:8      | Reached skill level 10 in Short Blades
  8636 | D:8      | Lost mutation: Your system is resistant to poisons. (rPois) [potion of mutation]
  8636 | D:8      | Lost mutation: You are partially covered in icy blue scales. (AC +2) [potion of mutation]
  8636 | D:8      | Lost mutation: Potions are less effective at restoring your health. [potion of mutation]
  8636 | D:8      | Lost mutation: You are partially covered in iridescent scales. (AC +2) [potion of mutation]
  8636 | D:8      | Gained mutation: You have sharp fingernails. [potion of mutation]
  8636 | D:8      | Gained mutation: You are partially covered in rugged brown scales. (AC +1, +3% HP) [potion of mutation]
  8636 | D:8      | Gained mutation: You tend to lose your temper in combat. [potion of mutation]
  8636 | D:8      | Gained mutation: You have sharp toenails. [potion of mutation]
  8637 | D:8      | Lost mutation: You have sharp toenails. [potion of mutation]
  8637 | D:8      | Lost mutation: You tend to lose your temper in combat. [potion of mutation]
  8637 | D:8      | Lost mutation: You have sharp fingernails. [potion of mutation]
  8637 | D:8      | Lost mutation: You are partially covered in rugged brown scales. (AC +1, +3% HP) [potion of mutation]
  8637 | D:8      | Gained mutation: You are partially covered in slimy green scales. (AC +2) [potion of mutation]
  8637 | D:8      | Gained mutation: You are partially covered in large bone plates. (SH +4) [potion of mutation]
  8637 | D:8      | Gained mutation: Your spells are a little harder to cast, but a little more powerful. [potion of mutation]
  8737 | D:8      | Reached skill level 1 in Spellcasting
  8756 | D:8      | Reached skill level 2 in Spellcasting
  8844 | D:8      | Noticed a two-headed ogre
  8873 | D:8      | Killed a two-headed ogre
  8873 | D:8      | Reached skill level 5 in Spellcasting
  9145 | D:8      | Reached skill level 6 in Spellcasting
  9315 | D:9      | Reached skill level 7 in Spellcasting
  9580 | D:9      | Reached skill level 8 in Spellcasting
  9599 | D:9      | Noticed Erica
  9644 | D:9      | Killed Erica
  9644 | D:9      | Reached skill level 9 in Spellcasting
  9813 | D:9      | Noticed Psyche
  9830 | D:9      | Killed Psyche
  9830 | D:9      | Reached XP level 11. HP: 58/58 MP: 26/26
 10023 | D:9      | Found a sparkling altar of Nemelex Xobeh.
 10062 | D:9      | Found a staircase to the Lair.
 10066 | D:9      | Reached * piety under Ashenzari
 10077 | D:9      | Reached skill level 10 in Spellcasting
 10134 | D:9      | Noticed Erolcha
 10153 | D:9      | Killed Erolcha
 10195 | D:9      | Noticed Pikel
 10252 | D:9      | Killed Pikel
 10252 | D:9      | Reached skill level 11 in Spellcasting
 10285 | D:10     | Entered Level 10 of the Dungeon
 10478 | D:10     | Paralysed by a hornet for 2 turns
 10689 | Lair:1   | Entered Level 1 of the Lair of Beasts
 11011 | Lair:1   | Reached skill level 12 in Spellcasting
 11447 | Lair:1   | Reached skill level 5 in Stealth
 11877 | Lair:1   | Reached ** piety under Ashenzari
 12539 | Lair:2   | Noticed a six-headed hydra
 12570 | Lair:2   | Slain by a six-headed hydra

Vault maps used:
D:1:      dpeg_arrival_morbid_curiosity, serial_bayou_pond_b,
          hangedman_decor_clover_reticule
D:2:      hangedman_abyss_or_decor_stabs, glass_columns_a,
          okawaru_altar_gauntlet_db, uniq_robin, uniq_jessica
D:3:      lemuel_round_altar, zin_angel
D:4:      nicolae_overflow_crystal_walls, uniq_duvessa
D:5:      minmay_temple_entry_statues_pillars, first_bread, chequers_big_river,
          uniq_blork_the_orc, uniq_edmund, uniq_eustachio
D:6:      lightli_orcish_oven
D:7:      kennysheep_little_box, grunt_temple_overflow_open,
          nicolae_ossuary_entry_catacombs, serial_shops, nicolae_shop_crystal,
          uniq_prince_ribbit1
D:8:      xom_butterflies, grunt_livestock
D:9:      old_standard_altar, lair_entry_dummy, uniq_erica, uniq_erolcha,
          uniq_pikel, uniq_psyche
D:10:     serial_shops, nicolae_shop_waterfront, basic_altar,
          kennysheep_small_circle, uniq_snorg
Temple:   dshaligram_water_room_temple
Lair:1:   st_stairs_4, eino_small_chamber_without_monster, beast_lair_carwin_9,
          grunt_megastairs_5
Lair:2:   st_stairs_12, nicolae_quartered_pool_medium, wad_woods_road_01,
          grunt_megastairs_4
Ossuary:  ossuary_kennysheep_city_of_the_dead

Skill      XL: |  1  2  3  4  5  6  7  8  9 10 11 |
---------------+----------------------------------+-----
Short Blades   | 3 4 5 6 7 8 10 | 10.1
Dodging        | 2 7 10 | 10.0
Armour         | 6 |  6.2
Shields        | 4 |  4.1
Spellcasting   | 9 12 | 12.1
Stealth        | 8 |  8.0
Fighting       | |  2.4

Action                   |  1- 3 |  4- 6 |  7- 9 | 10-12 || total
-------------------------+-------+-------+-------+-------++-------
Melee: Rapier            |    86 |       |       |       ||    86
       Short sword       |    60 |   266 |   989 |   934 ||  2249
Invok: Curse Item        |       |       |       |     4 ||     4
Evoke: Phial of floods   |       |       |       |     1 ||     1
  Use: Scroll            |     2 |     3 |     8 |     4 ||    17
       Potion            |       |     9 |     4 |    14 ||    27
 Stab: Sleeping          |       |       |       |     1 ||     1
  Eat: Chunk             |     1 |     7 |    19 |    16 ||    43
       Royal jelly       |       |       |     1 |       ||     1
Armor: Scale mail        |    90 |   102 |   311 |   219 ||   722
Dodge: Dodged            |    50 |    59 |   331 |   301 ||   741
Block: Shield            |    86 |   190 |   178 |       ||   454
       Reflection        |       |    10 |     3 |     8 ||    21
       Buckler           |       |       |   269 |   468 ||   737
